 Dungeon Crawl Stone Soup version 0.27-a0-789-g6bb3289e1e (webtiles) character file.

Game seed: 12874232149986738376

54 rageheart7 the Skirmisher (level 3, 0/31 HPs)
             Began as a Barachi Abyssal Knight on Mar 26, 2021.
             Was a Follower of Lugonu.
             Slain by a goblin
             ... wielding a +0 club
              (1 damage)
             ... on level 2 of the Dungeon.
             The game lasted 00:01:36 (2449 turns).

rageheart7 the Skirmisher (Barachi Abyssal Knight)  Turns: 2449, Time: 00:01:37

Health: 0/31       AC:  7    Str: 14    XL:     3   Next: 91%
Magic:  4/4        EV: 11    Int: 12    God:    Lugonu [*.....]
Gold:   27         SH:  0    Dex: 11    Spells: 2/2 levels left

rFire    . . .     SeeInvis .   a - +1 falchion
rCold    . . .     Faith    .   (no shield)
rNeg     . . .     Spirit   .   b - +0 leather armour
rPois    .         Reflect  .   i - +0 helmet
rElec    .         Harm     .   g - +2 cloak
rCorr    .         Rampage  .   (no gloves)
Will     .....                  (no boots)
Stlth    +.........             (no amulet)
HPRegen  0.10/turn              (no ring)
MPRegen  0.09/turn              (no ring)

@: confused, hasted, very quick
A: +LOS, amphibious, slowness 1, strong legs 1
a: Hop, Renounce Religion, Depart the Abyss


You were on level 2 of the Dungeon.
You worshipped Lugonu.
Lugonu was aware of your devotion.
You visited 1 branch of the dungeon, and saw 2 of its levels.
You visited the Abyss 1 time.

You collected 27 gold pieces.

Inventory:

Hand Weapons
 a - a +1 falchion (weapon)
Armour
 b - a +0 leather armour (worn)
 g - a +2 cloak (worn)
 i - a +0 helmet (worn)
Scrolls
 c - a scroll of teleportation {unknown}
 d - 2 scrolls of fear {unknown}
 f - a scroll of blinking {unknown}
 j - 2 scrolls of acquirement {unknown}
Potions
 h - a potion of degeneration {unknown}


   Skills:
 * Level 4.7 Fighting
 * Level 3.9 Long Blades
 - Level 2.4 Armour
 - Level 1.1 Dodging
 - Level 1.5 Invocations


You had 2 spell levels left.
You didn't know any spells.
Your spell library contained the following spells:

 Spells                   Type           Power      Damage    Failure   Level
 Animate Skeleton         Necr           0%         N/A       38%         1
 Apportation              Tloc           0%         N/A       38%         1
 Corona                   Hex            0%         N/A       38%         1
 Summon Small Mammal      Summ           0%         N/A       38%         1


Dungeon Overview and Level Annotations

Branches:
Dungeon (2/15)

Altars:
Trog

Annotations:
D:2 Sigmund


Innate Abilities, Weirdness & Mutations

You can be seen from farther away. (+LOS)
You are amphibious.
You cover ground slowly.
You can hop short distances.


Message History

You are too confused!
Sigmund is nearby!
You are too confused!
Sigmund is nearby!
You are too confused!
It was a potion of haste.
You feel yourself speed up.
A goblin comes into view. It is wielding a +0 club.
The goblin shouts!
Sigmund points at you and mumbles some strange words.
The magic dart hits you.
You see here 13 gold pieces.
You bump into the rock wall.
You bump into the rock wall.
An endoplasm comes into view.
The endoplasm quivers.
You feel less confused.
You closely miss the goblin. You hit the goblin.
The goblin is moderately wounded.
The goblin hits you with a +0 club.
Sigmund's eyes start glowing with a red light.
Sigmund hits you with a +2 scythe of freezing!
Sigmund freezes you.
You hit Sigmund.
Sigmund is lightly wounded.
The goblin barely misses you.
You hit Sigmund.
Sigmund is moderately wounded.
Sigmund points at you and mumbles some strange words.
You are confused.
You closely miss Sigmund.
Sigmund is moderately wounded.
The goblin hits you with a +0 club.
* * * LOW HITPOINT WARNING * * *
Sigmund hits you with a +2 scythe of freezing.
* * * LOW HITPOINT WARNING * * *
Sigmund freezes you.
* * * LOW HITPOINT WARNING * * *
You're too confused to move!
The goblin hits you with a +0 club.
You die...

#.....#######....... #
#.....# #.......
#.#.....# #.......
#.......# #.......
#.....#######....... #
#...........##'###
#...####.#.#######.##..##
#._....@$..# #.###.##
.....####@### #.# #..# ..
#g# #####.####.. #J#
#........... ..#
#........... #..#
#........... +..#
#.########## #..# #.).#
##.# #.#.# #'# #.#.#


You could see Sigmund, an endoplasm and a goblin.

Vanquished Creatures
  An adder (D:2)
  A worm (D:2)
  A dart slug (D:2)
  2 bats (D:2)
  6 endoplasms
  4 goblins
  3 hobgoblins
  2 jackals (D:1)
  4 quokkas
  5 ball pythons
  3 kobolds
  2 rats (D:1)
34 creatures vanquished.

Notes
Turn   | Place    | Note
-------+----------+-------------------------------------------
     0 | Abyss:1  | rageheart7 the Barachi Abyssal Knight began the quest for
                  | the Orb.
     0 | Abyss:1  | Reached XP level 1. HP: 18/18 MP: 2/2
    46 | Abyss:1  | Noticed a wizard
    47 | D:1      | Escaped the Abyss
   471 | D:1      | Reached XP level 2. HP: 25/25 MP: 3/3
   482 | D:1      | Reached skill level 4 in Fighting
   810 | D:1      | Reached * piety under Lugonu
  1303 | D:1      | Reached XP level 3. HP: 31/31 MP: 4/4
  2435 | D:2      | Found a bloodstained altar of Trog.
  2435 | D:2      | Noticed Sigmund
  2448 | D:2      | HP: 1/31 [Sigmund/+2 scythe of freezing (2)]
  2449 | D:2      | Slain by a goblin

Illustrated notes

Levels and vault maps discovered:
D:1:      minmay_arrival_cross, layout_basic
D:2:      minmay_inner_zag, layout_basic, bloody_trog, eino_tiny_chamber,
          uniq_sigmund, uniq_jessica

Skill      XL: |  1  2 |
---------------+-------+-----
Fighting       | 4 |  4.7
Long Blades    | 3 |  3.9
Armour         | |  2.4
Dodging        | |  1.1
Invocations    | |  1.5

Action                   || total
-------------------------++-------
Melee: Falchion          ||   108
Invok: Depart the Abyss  ||     1
  Use: Potion            ||     1
 Stab: Sleeping          ||     1
       Distracted        ||     1
Armor: Leather armour    ||    18
Dodge: Dodged            ||    71
       Rpst.: Falchion   ||    21

Table legend: (Time is in decaauts)
 A = Elapsed time spent in this place.
 B = Non-inter-level travel time spent in this place.
 C = Inter-level travel time spent in this place.
 D = Time resting spent in this place.
 E = Time spent auto-exploring this place.
 F = Levels seen in this place.
 G = Mean time per level.
                   A        B        C        D        E       F      G
               +--------+--------+--------+--------+--------+-----+--------+
         Total |   2686 |   2623 |     63 |    377 |   1973 |   3 |  895.3 |
       Dungeon |   2629 |   2566 |     63 |    377 |   1917 |   2 | 1314.5 |
         Abyss |     56 |     56 |      0 |      0 |     55 |   1 |   56.0 |
               +--------+--------+--------+--------+--------+-----+--------+

Top non-repeatable levels by time:
     D:1: 1607 daAuts
     D:2: 1022 daAuts
 Abyss:1: 56 daAuts
